 Dungeon Crawl Stone Soup version 0.31.0-12-g77e489cdc1 (webtiles) character file.

Game seed: 829083528761916449

376 Gadfly the Ruffian (level 6, -11/61 HPs)
             Began as an Octopode Shapeshifter on Feb 23, 2024.
             Was an Initiate of Ashenzari.
             Mangled by Duvessa
             ... wielding a +0 rapier
              (16 damage)
             ... on level 4 of the Dungeon.
             The game lasted 00:05:33 (3077 turns).

Gadfly the Ruffian (Octopode Shapeshifter)          Turns: 3077, Time: 00:05:33

Health: -11/61     AC: 23    Str: 16    XL:     6   Next: 73%
Magic:  6/6        EV:  2    Int: 12    God:    Ashenzari [......]
Gold:   227        SH:  0    Dex: 11    Spells: 5/5 levels left

rFire   . .          .
                       - Unarmed
rCold   . . .        (no shield)
rNeg    . . .        (helmet currently unavailable)
rPois   +            n - amulet of the acrobat
rElec   .            h - +5 ring of evasion
rCorr   .            f - ring of willpower
SInv    .            (no ring)
Will    +....        (no ring)
Stlth   +            (no ring)
HPRegen 0.30/turn    (no ring)
MPRegen 0.10/turn    (no ring)
                     (no ring)

%: acrobat
@: tree-form
A: stationary, stasis, torment immunity, boosted hp, almost no armour,
(amphibious), 8 rings, (camouflage 1), (gelatinous body 1), (nimble swimmer 1),
(tentacles)
a: Renounce Religion


You were on level 4 of the Dungeon.
You worshipped Ashenzari.
Ashenzari was noncommittal.
You were a tree.
You visited 1 branch of the dungeon, and saw 4 of its levels.

You collected 227 gold pieces.

Inventory:

Jewellery
 f - a ring of willpower (right branch)
 h - a +5 ring of evasion (left branch)
 n - an amulet of the acrobat (around neck)
Talismans
 b - a beast talisman (active)
 c - a flux talisman
Scrolls
 k - a scroll of acquirement {unknown}
 l - 2 scrolls of teleportation
 p - 2 scrolls of identify
Potions
 d - a potion of might
 e - 2 potions of berserk rage
 i - a potion of resistance
 j - a potion of enlightenment
 m - a potion of cancellation {unknown}
 o - a potion of haste {unknown}


   Skills:
 + Level 2.9 Fighting
 + Level 3.3 Dodging
 + Level 2.4 Shields
 + Level 4.0 Unarmed Combat
 + Level 2.4 Evocations
 + Level 3.8 Shapeshifting


You had 5 spell levels left.
You didn't know any spells.
Your spell library contained the following spells:

 Spells                   Type           Power      Damage    Failure   Level
 Freeze                   Ice            0%         1d3       32%         1
 Sting                    Conj/Alch      0%         1d3       32%         1
 Frozen Ramparts          Ice            0%         1d1       69%         3
 Hailstorm                Conj/Ice       0%         3d5       69%         3


Dungeon Overview and Level Annotations

Branches:
Dungeon (4/15)
 Temple: D:4-7

Altars:
Ashenzari
Sif Muna

Annotations:
D:4 Duvessa


Innate Abilities, Weirdness & Mutations

You are a tree.
Your roots penetrate the ground, keeping you stationary.
You cannot be teleported.
You are immune to unholy pain and torment.
Your maximum health is greatly increased.
You cannot wear most types of armour.
((You are amphibious.))
You can wear up to eight rings at the same time.
((Your skin changes colour to match your surroundings (Stealth+).))
((Your rubbery body absorbs attacks. (AC +1, EV +1)))
((You are camouflaged when in or above water. (Stealth+)))
((You have tentacles for arms and can constrict up to eight enemies at once.))


Message History

Duvessa is lightly wounded.
You constrict Duvessa. Duvessa closely misses you.
Duvessa hits you with a +0 rapier!!
* * * LOW HITPOINT WARNING * * *
Unknown command.
Your transformation has ended.
You turn into a tree.
Your roots penetrate the ground.
You lose your grip on Duvessa.
Duvessa hits you but does no damage.
You closely miss Duvessa.
Duvessa is lightly wounded.
Duvessa hits you with a +0 rapier!
* * * LOW HITPOINT WARNING * * *
Duvessa hits you but does no damage.
Unknown command.
You are confused.
You feel invigorated. Duvessa hits you but does no damage.
You cannot move. (Use ctrl+direction or * direction to attack while stationary and confused.)
You cannot move. (Use ctrl+direction or * direction to attack while stationary and confused.)
You cannot move. (Use ctrl+direction or * direction to attack while stationary and confused.)
You hit Duvessa.
Duvessa is moderately wounded.
Duvessa hits you with a +0 rapier!
* * * LOW HITPOINT WARNING * * *
Duvessa hits you but does no damage.
You swing at nothing.
Duvessa hits you but does no damage.
You attack the rock wall.
Duvessa completely misses you.
You attack the rock wall.
You feel less invigorated.
You feel less confused. Duvessa hits you with a +0 rapier.
* * * LOW HITPOINT WARNING * * *
Duvessa hits you but does no damage.
You completely miss Duvessa.
Duvessa is moderately wounded.
Duvessa hits you but does no damage.
You hit Duvessa but do no damage.
Duvessa is moderately wounded.
Duvessa hits you with a +0 rapier.
* * * LOW HITPOINT WARNING * * *
Duvessa hits you with a +0 rapier!
You die...

#.# #...## #....#
####....###
#.........#
..........
#........
......e)# #...♣#
#....#
#######.#########
#...........!...#
#.###...........#
...............#
####....)......#
####
##...#.......
^..# ##.###..##.#


You could see Duvessa (berserk).

Vanquished Creatures
  An ogre (D:4)
  Dowan (D:4)
  An orc priest (D:3)
  An orc wizard (D:3)
  7 gnolls
  2 adders
  2 ribbon worms
  3 dart slugs
  5 orcs
  8 endoplasms
  2 giant cockroaches (D:2)
  12 goblins
  3 hobgoblins
  10 jackals
  6 quokkas
  8 ball pythons
  6 bats
  A frilled lizard (D:1)
  8 kobolds
  6 rats
93 creatures vanquished.

Notes
Turn   | Place    | Note
-------+----------+-------------------------------------------
     0 | D:1      | Gadfly the Octopode Shapeshifter began the quest for the
                  | Orb.
     0 | D:1      | Reached XP level 1. HP: 13/13 MP: 1/1
   255 | D:1      | Reached XP level 2. HP: 18/18 MP: 2/2
   868 | D:1      | Reached XP level 3. HP: 22/23 MP: 3/3
  1091 | D:2      | Reached skill level 1 in Shields
  1111 | D:2      | Reached skill level 1 in Evocations
  1302 | D:2      | Reached XP level 4. HP: 29/29 MP: 4/4
  1323 | D:2      | Found a faded altar of an unknown god.
  1327 | D:2      | Got Plato's Essays on Reconfiguration
  1974 | D:3      | Found a broken altar of Ashenzari.
  2091 | D:3      | Reached XP level 5. HP: 34/34 MP: 5/5
  2680 | D:3      | Found a shimmering blue altar of Sif Muna.
  2703 | D:3      | Reached XP level 6. HP: 39/41 MP: 6/6
  2822 | D:3      | Became a worshipper of Ashenzari the Shackled
  3054 | D:4      | Noticed Dowan
  3057 | D:4      | Noticed Duvessa
  3065 | D:4      | Killed Dowan
  3066 | D:4      | Reached skill level 4 in Unarmed Combat
  3070 | D:4      | HP: 1/61 [Duvessa/+0 rapier (8)]
  3077 | D:4      | Mangled by Duvessa

Illustrated notes

Levels and vault maps discovered:
D:1:      evilmike_arrival_rings, layout_basic
D:2:      layout_basic, shapermc_ecumenical_altar_rom_forum,
          kennysheep_decorative_pillar, minmay_misc_feat_chi
D:3:      layout_loops_ring, kennysheep_orc_sif_temple,
          nicolae_ashenzari_skybound, minmay_misc_feat_columns
D:4:      layout_loops_ring, serial_bayou_lagoon_a, uniq_natasha, uniq_duvessa

Skill      XL: |  1  2  3  4  5  6 |
---------------+-------------------+-----
Shields        | 1 2 |  2.4
Evocations     | 1 2 |  2.4
Fighting       | 2 |  2.9
Dodging        | 3 |  3.3
Unarmed Combat | 4 |  4.0
Shapeshifting  | |  3.8

Action                     |  1- 3 |  4- 6 || total
---------------------------+-------+-------++-------
  Melee: Unarmed           |    55 |   122 ||   177
         Constrict         |    17 |    34 ||    51
         Tentacles         |    14 |    27 ||    41
         Punch             |       |     2 ||     2
Ability: Begin Untransform |       |     2 ||     2
    Use: Scroll            |     6 |     3 ||     9
         Potion            |     1 |     3 ||     4
   Stab: Sleeping          |     8 |     6 ||    14
 Armour: Skin              |    10 |    37 ||    47
  Dodge: Dodged            |    39 |   101 ||   140
   Form: Beast             |       |     2 ||     2
         Flux              |       |     1 ||     1
